 Dungeon Crawl Stone Soup version 0.22-a0-611-g46e8f3c735 (webtiles) character file.

7 Oakleaf the Vandal (level 2, -1/19 HPs)
             Began as a Halfling Hunter on July 11, 2018.
             Slain by a jackal (2 damage)
             ... on level 1 of the Dungeon.
             The game lasted 00:02:20 (81 turns).

Oakleaf the Vandal (Halfling Hunter)                  Turns: 81, Time: 00:02:21

Health: -1/19      AC:  3    Str: 13    XL:     2   Next: 10%
Magic:  2/2        EV: 14    Int:  9    God:
Gold:   10         SH:  0    Dex: 14    Spells: 1/1 levels left

rFire    . . .     SeeInvis .   a - +1 hunting sling
rCold    . . .     Gourm    .   (shield restricted)
rNeg     . . .     Faith    .   c - +0 leather armour
rPois    .         Spirit   .   (no helmet)
rElec    .         Reflect  .   (no cloak)
rCorr    .         Harm     .   (no gloves)
MR       .....                  (no boots)
Stlth    +.........             (no amulet)
HPRegen  0.06/turn              (no ring)
MPRegen  0.08/turn              (no ring)

@: no status effects
A: small, mutation resistance 1
a: no special abilities


You were on level 1 of the Dungeon.
You were not hungry.

You visited 1 branch of the dungeon, and saw 1 of its levels.

You collected 10 gold pieces.

Inventory:

Hand Weapons
 a - a +1 hunting sling (weapon)
 b - a +0 short sword
Missiles
 d - 7 sling bullets (quivered)
Armour
 c - a +0 leather armour (worn)
Comestibles
 f - a ration
 g - a chunk of flesh


   Skills:
 + Level 1.8 Fighting
 + Level 6.4 Slings
 + Level 2.2 Dodging
 + Level 1.1 Stealth


You had one spell level left.
You didn't know any spells.
Your spell library was empty.

Dungeon Overview and Level Annotations

Branches:
Dungeon (1/15)

Altars:


Innate Abilities, Weirdness & Mutations

You are small and have problems with some larger weapons.
You are somewhat resistant to further mutation.


Message History

The jackal barely misses you. The jackal closely misses you.
The jackal barely misses you. The goblin barely misses you.
The kobold misses you. The jackal closely misses you.
The hobgoblin barely misses you.
Unknown command.
You miss the jackal. The jackal misses you. The jackal bites you.
* * * LOW HITPOINT WARNING * * *
The jackal bites you but does no damage.
The goblin closely misses you.
The jackal bites you but does no damage.
The jackal closely misses you. x3; The kobold closely misses you.
The hobgoblin closely misses you.
The jackal bites you but does no damage.
The goblin closely misses you. The jackal barely misses you.
You clumsily bash the jackal but do no damage.
The jackal closely misses you. The jackal bites you.
* * * LOW HITPOINT WARNING * * *
The jackal closely misses you. The kobold barely misses you.
The jackal barely misses you. The jackal bites you.
You die...

#......#####(##
#......#((....####.#
#.......(...........
#......#..((..####.#
#.......(.....#
#.............#
#.............#
#....(.....hhg#
#..........h@h#
#.#.####...Kg.# #
#..#######.## #...#
#.# #.#.# #.# #...#
#.# #.#.# #.# #...#
#.# #.>.#


You could see 4 jackals, a hobgoblin, a goblin and a kobold.

Vanquished Creatures
  A dart slug (D:1)
  3 jackals (D:1)
  A rat (D:1)
5 creatures vanquished.

Notes
Turn   | Place    | Note
-------+----------+-------------------------------------------
     0 | D:1      | Oakleaf the Halfling Hunter began the quest for the Orb.
     0 | D:1      | Reached XP level 1. HP: 14/14 MP: 1/1
    27 | D:1      | Reached skill level 6 in Slings
    61 | D:1      | Reached XP level 2. HP: 16/19 MP: 2/2
    81 | D:1      | Slain by a jackal

Vault maps used:
D:1:      lemuel_arrival_hallway

Skill      XL: |  1 |
---------------+----+-----
Slings         | 6 |  6.4
Fighting       | |  1.8
Dodging        | |  2.2
Stealth        | |  1.1

Action                   || total
-------------------------++-------
Melee: Hunting sling     ||     5
 Fire: Hunting sling     ||    16
Armor: Leather armour    ||     8
Dodge: Dodged            ||    72

Table legend:
 A = Spawn XP
 B = Non-spawn XP
 C = Spawn XP percentage of total XP
 D = Spawn monster count
 E = Non-spawn monster count
 F = Spawn count percentage of total count
 G = Total turns spent on level
                    A         B        C        D         E        F      G
               +---------+---------+-------+---------+---------+-------+---------
         Total |       0 |      11 |   0.0 |       0 |       5 |   0.0 |    81
               +---------+---------+-------+---------+---------+-------+---------
           D:1 |       0 |      11 |   0.0 |       0 |       5 |   0.0 |    81
               +---------+---------+-------+---------+---------+-------+---------
